 Dungeon Crawl Stone Soup version 0.23-a0-577-g2b1de944cd (webtiles) character file.

18 Zazzi the Digger (level 2, 0/15 HPs)
             Began as a Gargoyle Earth Elementalist on Dec 14, 2018.
             Slain by a hobgoblin (3 damage)
             ... on level 1 of the Dungeon.
             The game lasted 00:01:36 (648 turns).

Zazzi the Digger (Gargoyle Earth Elementalist)       Turns: 648, Time: 00:01:36

Health: 0/15       AC:  4    Str: 11    XL:     2   Next: 66%
Magic:  5/5        EV: 12    Int: 15    God:
Gold:   23         SH:  0    Dex: 10    Spells: 5/6 levels left

rFire    . . .     SeeInvis .   e - +0 short sword
rCold    . . .     Gourm    .   (no shield)
rNeg     + . .     Faith    .   c - +0 robe
rPois    ∞         Spirit   .   (no helmet)
rElec    +         Reflect  .   (no cloak)
rCorr    .         Harm     .   (no gloves)
MR       .....                  (no boots)
Stlth    ++........             (no amulet)
HPRegen  0.05/turn              (no ring)
MPRegen  0.09/turn              (no ring)

@: no status effects
A: negative energy resistance 1, electricity resistance, unbreathing,
petrification resistance, rot immunity, AC +2
a: no special abilities


You were on level 1 of the Dungeon.
You were not hungry.

You visited 1 branch of the dungeon, and saw 1 of its levels.

You collected 23 gold pieces.

Inventory:

Hand Weapons
 e - a +0 short sword (weapon)
Missiles
 b - 18 stones (quivered)
Armour
 c - a +0 robe (worn)
Potions
 f - a potion of agility {unknown}
Comestibles
 a - a chunk of flesh
 d - a ration


   Skills:
 - Level 1.5 Dodging
 - Level 2.1 Stealth
 + Level 2.5 Spellcasting
   Level 0.7 Transmutations
 + Level 4.2 Earth Magic


You had 5 spell levels left.
You knew the following spells:

 Your Spells              Type           Power        Failure   Level  Hunger
a - Sandblast             Erth           ##....       3%          1    #......

Your spell library contained the following spells:

 Spells                   Type           Power        Failure   Level  Hunger
 Passwall                 Tmut/Erth      #.......     12%         2    ###....
 Stone Arrow              Conj/Erth      #.....       26%         3    ###....
 Petrify                  Tmut/Erth      #.......     58%         4    #####..
 Lee's Rapid Deconstruct  Erth           ##........   71%         5    ######.


Dungeon Overview and Level Annotations

Branches:
Dungeon (1/15)

Altars:


Innate Abilities, Weirdness & Mutations

You are resistant to torment.
Your stone body is resilient. (AC +2)
You are immune to poison.
You resist negative energy. (rN+)
You are resistant to electric shocks. (rElec)
You can survive without breathing.
You are immune to petrification.
You are immune to rotting.


Message History

You hit the bat.
You kill the bat!
You hit the goblin.
The goblin is heavily wounded.
The goblin misses you.
You hit the goblin.
You kill the goblin!
You closely miss the goblin. The goblin closely misses you.
You barely miss the goblin. The goblin hits you.
* * * LOW HITPOINT WARNING * * *
You hit the goblin.
The goblin is moderately wounded.
The goblin closely misses you.
You hit the goblin.
You kill the goblin!
You hit the hobgoblin.
The hobgoblin is severely wounded.
A jackal comes into view.
The hobgoblin hits you.
You die...

..#.............#
###.###########.# !..
#..#.......#..# ...
#.#.#######.#.# ....
###.##.......##.# .....
.##.#.###'###.#.# ####.....
..#.#.#.....#.#.# #........
###.#.#.....#.#.###.......#
'.'.#.'..<..'.#.@grb.#
###.#.#.....#.#.###h.#
#.#.#.....#.#.# #..#
###.#.###'###.#.# #....
..#.##.......##.# #b##.8
###.#.#######.#.# #.# #..#
# #..#.......#..# ..# .#)
###.###########.# ... #
#.#.............#


You could see a jackal (wandering), a hobgoblin, a bat and a rat.

Vanquished Creatures
  2 dart slugs (D:1)
  3 goblins (D:1)
  A hobgoblin (D:1)
  A kobold (D:1)
  5 bats (D:1)
  A frilled lizard (D:1)
  2 rats (D:1)
15 creatures vanquished.

Notes
Turn   | Place    | Note
-------+----------+-------------------------------------------
     0 | D:1      | Zazzi the Gargoyle Earth Elementalist began the quest for
                  | the Orb.
     0 | D:1      | Reached XP level 1. HP: 10/10 MP: 3/3
   342 | D:1      | Reached skill level 4 in Earth Magic
   342 | D:1      | Reached XP level 2. HP: 15/15 MP: 3/5
   648 | D:1      | Slain by a hobgoblin

Vault maps used:
D:1:      matt_arrival_los_fun, minmay_heptomino_o4

Skill      XL: |  1 |
---------------+----+-----
Earth Magic    | 4 |  4.2
Dodging        | |  1.5
Stealth        | |  2.1
Spellcasting   | |  2.5
Transmutations | |  0.7

Action                   || total
-------------------------++-------
Melee: Unarmed           ||     9
       Short sword       ||    30
 Cast: Sandblast         ||    12
 Stab: Sleeping          ||     1
Armor: Robe              ||    15
Dodge: Dodged            ||    37

Table legend:
 A = Non-vault XP
 B = Vault XP
 C = Vault XP percentage of total XP
 D = Non-vault monster count
 E = Vault monster count
 F = Vault count percentage of total count
                 A         B        C        D         E       F
            +---------+---------+-------+---------+---------+-------
      Total |      21 |       5 |  19.2 |      12 |       3 |  20.0
            +---------+---------+-------+---------+---------+-------
        D:1 |      21 |       5 |  19.2 |      12 |       3 |  20.0
            +---------+---------+-------+---------+---------+-------
